 Dungeon Crawl Stone Soup version 0.13.0-19-g8e0b589 (webtiles) character file.

217 Requiem the Ducker (level 4, 0/36 HPs)
             Began as a Vampire Berserker on Oct 24, 2013.
             Was a Believer of Trog.
             Slain by a quokka (5 damage)
             ... on Level 3 of the Dungeon.
             The game lasted 00:03:48 (1943 turns).

Requiem the Ducker (Vampire Berserker)              Turns: 1943, Time: 00:03:48

HP   0/36        AC  3     Str 17      XL: 4   Next: 33%
MP   4/4         EV 13     Int  9      God: Trog [**....]
Gold 126         SH  0     Dex 13      Spells:  0 memorised,  3 levels left

Res.Fire  : . . .   See Invis. : +   g - +2,+0 whip (vamp)
Res.Cold  : . . .   Warding    : .   b - +0 animal skin
Life Prot.: . . .   Conserve   : .   (no shield)
Res.Poison: .       Res.Corr.  : .   m - +0 wizard hat
Res.Elec. : .       Clarity    : .   n - +0 orc cloak
Sust.Abil.: . .     Spirit.Shd : .   (no gloves)
Res.Mut.  : .       Stasis     : .   (no boots)
Res.Rott. : .       Flight     : .   (no amulet)
Saprovore : . . .                    (no ring)
                                     (no ring)

@: regenerating quickly, slightly resistant to hostile enchantments, unstealthy
A: fangs 3, see invisible, unbreathing
a: Burn Spellbooks, Berserk, Trog's Hand, Renounce Religion


You were on level 3 of the Dungeon.
You worshipped Trog.
Trog was pleased with you.
You were full.

You visited 1 branch of the dungeon, and saw 3 of its levels.

You collected 106 gold pieces.

Inventory:

Hand weapons
 a - a +0,+0 hand axe {=f}
 g - a +2,+0 vampiric whip (weapon)
Missiles
 j - a throwing net [frayed] (quivered)
 k - a throwing net
Armour
 b - a +0 animal skin (worn)
 h - a +1 plate armour
 m - a +0 wizard hat (worn)
 n - a +0 orcish cloak (worn)
Scrolls
 d - a scroll of recharging {unknown}
 i - 2 scrolls of identify
 q - 2 scrolls of remove curse
 x - a scroll of curse jewellery {unknown}
Potions
 c - 2 potions of blood
 e - a potion of agility {unknown}
 f - a potion of confusion {unknown}
 o - a potion of paralysis {unknown}
 r - 3 potions of flight {unknown}
 s - a potion of might {unknown}
 t - a potion of restore abilities {unknown}
 u - a potion of cure mutation {unknown}
 v - a potion of heal wounds {unknown}


   Skills:
 + Level 3.2 Fighting
 - Level 2.8 Axes
 + Level 1.7 Maces & Flails
 + Level 1.8 Armour
 + Level 3.7 Dodging
 + Level 0.4 Stealth


You had 3 spell levels left.
You didn't know any spells.

Dungeon Overview and Level Annotations

Branches:
Dungeon (3/27)

Altars:


Innate Abilities, Weirdness & Mutations

Your natural rate of healing is unusually fast.
You have razor-sharp teeth.*
You have supernaturally acute eyesight.
You can survive without breathing.*


Message History

The orc is severely wounded.
The quokka misses you. The orc closely misses you.
You barely miss the orc.
The orc is severely wounded.
The quokka bites you. The orc misses you.
You draw the orc's blood!
You feel better.
You feel slightly more full.
You hit the orc but do no damage.
The orc is severely wounded.
The quokka barely misses you.
You draw the orc's blood!
You feel better.
You feel slightly more full.
You hit the orc.
You feel better.
The orc is almost dead.
The orc hits you with an orcish mace!
* * * LOW HITPOINT WARNING * * *
The quokka bites you.
* * * LOW HITPOINT WARNING * * *
Drink which item? (? for menu, Esc to quit)
Okay, then.
The quokka bites you.
You die...

......# #......###.
.............
......#.......
.....#>.......
..#.......... .. #
#.#.#......##
.....#.#o#.#.......#
..?....r@#.#..#....#
...................+
....##.##.#...#...# ..[
......#.#..%..+
....##.##.#####...######
.. #. #.#.............
#.##.....#######)..
#......#.###...<...
######............


You could see an orc and a quokka.

Vanquished Creatures
  3 gnolls (D:3)
  2 adders (D:2)
  A giant gecko (D:1)
  2 oozes (D:1)
  3 ball pythons
  5 goblins
  4 hobgoblins
  3 jackals (D:1)
  A quokka (D:3)
  4 bats
  3 giant cockroaches
  2 giant newts (D:1)
  3 kobolds
  6 rats
42 creatures vanquished.

Notes
Turn   | Place    | Note
--------------------------------------------------------------
     0 | D:1      | Requiem, the Vampire Berserker, began the quest for the Orb.
     0 | D:1      | Reached XP level 1. HP: 18/18 MP: 1/1
   272 | D:1      | Reached XP level 2. HP: 20/24 MP: 2/2
   318 | D:1      | Reached skill level 3 in Fighting
  1264 | D:2      | Reached skill level 1 in Maces & Flails
  1264 | D:2      | Reached XP level 3. HP: 23/30 MP: 3/3
  1331 | D:2      | Acquired Trog's second power
  1884 | D:3      | Reached XP level 4. HP: 36/36 MP: 4/4
  1943 | D:3      | Slain by a quokka

Action                   |  1- 3 |  4- 6 || total
-------------------------+-------+-------++-------
Melee: Whip              |   118 |    19 ||   137
       Hand axe          |    13 |       ||    13
Invok: Berserk           |     1 |       ||     1
  Use: Scroll            |     9 |       ||     9
 Stab: Sleeping          |     1 |       ||     1
